 Dungeon Crawl Stone Soup version 0.32-a0-872-g59262bdc9b (webtiles) character file.

Game seed: 10148304432342216530

38 Ajdolov the Trooper (level 3, 0/20 HPs)
             Began as a Vine Stalker Monk on Mar 30, 2024.
             Slain by Terence
             ... wielding a +0 flail
              (7 damage)
             ... on level 2 of the Dungeon.
             The game lasted 00:01:11 (603 turns).

Ajdolov the Trooper (Vine Stalker Monk)              Turns: 603, Time: 00:01:12

Health: 0/20       AC:  2    Str: 15    XL:     3   Next: 43%
Magic:  0/4        EV: 11    Int: 10    God:
Gold:   27         SH:  0    Dex: 16    Spells: 2/2 levels left

rFire   . . .        a - +0 mace
rCold   . . .        d - orb {light}
rNeg    . . .        b - +0 robe
rPois   .            (no helmet)
rElec   .            (no cloak)
rCorr   .            (no gloves)
SInv    .            (no boots)
Will    .....        (no amulet)
Stlth   +            (no ring)
HPRegen 1.03/turn    (no ring)
MPRegen 0.09/turn

%: guardian spirit
@: glowing
A: fangs 2, regeneration 1, magic shield, antimagic bite, no potion heal 2
a: no special abilities


You were on level 2 of the Dungeon.
You visited 1 branch of the dungeon, and saw 2 of its levels.

You collected 27 gold pieces.

Inventory:

Hand Weapons
 a - a +0 mace (weapon)
Armour
 b - a +0 robe (worn)
 d - an orb of light (worn)
Scrolls
 f - 3 scrolls of identify {unknown}
 g - a scroll of blinking {unknown}
Potions
 c - a potion of ambrosia
 e - 2 potions of haste {unknown}
 h - a potion of curing {unknown}


   Skills:
 + Level 3.4 Fighting
 + Level 3.3 Maces & Flails
 - Level 2.4 Dodging


You had 2 spell levels left.
You didn't know any spells.
Your spell library was empty.

Dungeon Overview and Level Annotations

Branches:
Dungeon (2/15)

Altars:

Annotations:
D:2 Terence


Innate Abilities, Weirdness & Mutations

You have extremely sharp teeth.
Your natural rate of healing is unusually fast.
When hurt, damage is shared between your health and your magic reserves.
Your bite disrupts and absorbs the magic of your enemies.
Potions cannot restore your health.


Message History

The giant cockroach bites you but does no damage.
You hit the giant cockroach.
You kill the giant cockroach!
The ribbon worm barely misses you.
You hit the ribbon worm. You bite the ribbon worm. You drain its power.
The ribbon worm is heavily wounded.
The ribbon worm bites you.
You hit the ribbon worm. You bite the ribbon worm. You drain its power.
You feel invigorated.
The ribbon worm is severely wounded.
The ribbon worm closely misses you.
You sock the ribbon worm!
You kill the ribbon worm!
No target in view!
You see here a ribbon worm corpse.
Found a ring mail.
Terence the Incautious comes into view.
He is wielding a +0 flail and wearing a +2 ring mail of poison resistance.
Terence shouts!
Terence moves out of view.
Terence and a frilled lizard come into view.
Terence is wielding a +0 flail and wearing a +2 ring mail of poison resistance.
Found a mace.
The frilled lizard hisses angrily.
You hit Terence but do no damage. Terence barely misses you.
You hit Terence.
Terence is lightly wounded.
Terence hits you with a +0 flail.
You completely miss Terence. Your bite misses Terence.
Terence is lightly wounded.
Terence hits you with a +0 flail!
You barely miss Terence. You bite Terence, but do no damage.
Terence is lightly wounded.
Terence closely misses you.
You hit Terence. You bite Terence, but do no damage.
Terence is moderately wounded.
Terence hits you with a +0 flail!
The frilled lizard hisses.
Terence hits you with a +0 flail!
You die...
Terence says, "Time to find some more victims."

#.# #####.#
#####.....####
#............#
#.###.######.# #.#
#.# #.# #.#
#)##.###.## #.#####.#
#....l@@..# #.††....#
####.###..# #..######
#..# #..# #[.#####..#
######......# ##
##~~~~#####..#
#.###~~~~~~###...#
#....~~..........#
#...~~...........####


You could see Terence and a frilled lizard.

Vanquished Creatures
  2 dart slugs
  A ribbon worm (D:2)
  An endoplasm (D:2)
  A giant cockroach (D:2)
  2 goblins (D:1)
  5 hobgoblins
  A jackal (D:2)
  5 kobolds
  2 quokkas (D:1)
  2 ball pythons (D:1)
  A bat (D:1)
  2 frilled lizards (D:2)
  5 rats
30 creatures vanquished.

Notes
Turn   | Place    | Note
-------+----------+-------------------------------------------
     0 | D:1      | Ajdolov the Vine Stalker Monk began the quest for the Orb.
     0 | D:1      | Reached XP level 1. HP: 11/11 MP: 2/2
   166 | D:1      | Reached XP level 2. HP: 16/16 MP: 3/3
   479 | D:2      | Reached XP level 3. HP: 18/20 MP: 4/4
   555 | D:2      | Identified the +4 sling "Qitishen" {speed, rElec MP+9 Str-2
                  | Dex+4}
   596 | D:2      | Noticed Terence
   603 | D:2      | Slain by Terence

Illustrated notes

Levels and vault maps discovered:
D:1:      roadster_arrival_rocket_small, layout_rooms
D:2:      cheibrodos_helix_gallery, layout_loops_ring, basic_altar,
          minmay_pentomino_z2, uniq_natasha, uniq_terence

Skill      XL: |  1  2 |
---------------+-------+-----
Fighting       | 3 |  3.4
Maces & Flails | 3 |  3.3
Dodging        | |  2.4

Action                     || total
---------------------------++-------
  Melee: Mace              ||    57
         Bite              ||    15
 Armour: Robe              ||    42
  Dodge: Dodged            ||    40

Table legend: (Time is in decaauts)
 A = Elapsed time spent in this place.
 B = Non-inter-level travel time spent in this place.
 C = Inter-level travel time spent in this place.
 D = Time resting spent in this place.
 E = Time spent auto-exploring this place.
 F = Levels seen in this place.
 G = Mean time per level.
                   A        B        C        D        E       F      G
               +--------+--------+--------+--------+--------+-----+--------+
         Total |    618 |    604 |     14 |      0 |    436 |   2 |  309.0 |
       Dungeon |    618 |    604 |     14 |      0 |    436 |   2 |  309.0 |
               +--------+--------+--------+--------+--------+-----+--------+

Top non-repeatable levels by time:
     D:1: 463 daAuts
     D:2: 154 daAuts
